Map: 2000 Atmospheres LE

Players

SpeCial - Winner!

  • Race: Terran Terran
  • League: Master

JimRising

  • Race: Zerg Zerg
  • League: Grandmaster

Event: DreamHack SC2 Masters 2021 Summer

VOD

Have the link to the VOD?

Description

Time

  • Played on: May 21, 2021, 3:46 p.m.
  • Length: 8:33

All games in this series

Show
View Real Time Build Order
Export as new Build Order

SpeCial Terran - Winner!

Build Orders: Reaper Expand, Hellion Banshee 

Get SALT Encoding   

  12  0:00  SCV  
  13  0:12  SCV  
  14  0:17  Supply Depot  
  14  0:24  SCV  
  15  0:38  SCV  
  15  0:40  Barracks  
  16  0:44  Refinery  
  16  0:51  SCV  
  17  1:03  SCV  
  18  1:15  SCV  
  19  1:27  Orbital Command, Reaper  
  20  1:38  Command Center  
  20  1:47  Supply Depot  
  20  1:54  SCV  
  21  1:59  Marine  
  22  2:06  SCV  
  23  2:10  Factory  
  23  2:18  SCV  
  23  2:21  Barracks Reactor  
  24  2:30  SCV  
  25  2:43  Command Center  
  25  2:44  SCV  
  26  2:53  Orbital Command  
  26  2:56  SCV  
  27  2:59  Starport  
  27  3:09  Hellion x2  
  27  3:11  SCV  
  32  3:15  Barracks Tech Lab, Refinery  
  33  3:20  SCV  
  33  3:23  SCV  
  34  3:30  Hellion x2  
  34  3:32  SCV  
  39  3:35  SCV  
  40  3:44  SCV  
  40  3:46  Banshee  
  40  3:47  SCV  
  44  3:49  Marine, Bunker  
  44  3:55  Hellion x2  
  49  3:58  Orbital Command  
  49  4:04  SCV x2  
  51  4:10  Cloaking Field, Marine  
  52  4:23  Hellion  
  52  4:31  Banshee, Marine  
  53  4:36  SCV  
  53  4:37  SCV  
  52  4:43  SCV  
  45  4:48  Hellion x2  
  45  4:49  Marine  
  45  4:52  SCV x2  
  45  4:55  SCV  
  45  5:04  SCV x2  
  47  5:07  SCV  
  47  5:09  Barracks Tech Lab  
  48  5:15  Factory Reactor  
  48  5:16  Barracks, SCV x2  
  48  5:18  Barracks  
  48  5:19  SCV  
  52  5:28  SCV x2  
  52  5:31  SCV  
  52  5:33  Stimpack, Marine  
  53  5:40  SCV x2  
  55  5:43  SCV  
  55  5:45  Supply Depot  
  56  5:51  Marine  
  56  5:52  SCV x2  
  56  5:54  Refinery  
  56  5:55  Starport Reactor, SCV  
  60  5:57  Refinery  
  60  6:01  Engineering Bay  
  60  6:04  SCV  
  60  6:06  SCV  
  60  6:08  Marine, Supply Depot, SCV  
  60  6:09  Supply Depot  
  64  6:11  Siege Tank  
  64  6:17  SCV  
  68  6:18  SCV  
  69  6:30  Marine x4  
  69  6:31  Terran Infantry Weapons Level 1  
  73  6:33  Engineering Bay  
  73  6:36  Orbital Command, Marine  
  74  6:41  Medivac x2  
  74  6:44  SCV  
  74  6:45  SCV  
  80  6:47  Marine x4  
  80  6:54  Marine, Supply Depot  
  85  6:56  Supply Depot  
  85  7:01  Supply Depot  
  85  7:12  Supply Depot  
  85  7:15  Marine x5, SCV x3  
  85  7:18  Medivac x2  
  97  7:26  Barracks  
  97  7:27  Barracks, SCV x2  
  97  7:28  SCV  
  100  7:31  Siege Tank  
  100  7:33  Marine x3  
  100  7:34  Supply Depot  
  106  7:40  SCV x2  
  106  7:43  Marine x2  
  110  7:45  SCV  
  110  7:49  Supply Depot  
  110  7:51  Marine x3  
  114  7:52  SCV  
  114  7:56  Medivac x2  
  111  7:59  SCV  
  111  8:01  Marine x2  
  117  8:07  SCV x2  
  117  8:09  Marine x3  
  117  8:12  SCV  
  123  8:15  Supply Depot  
  123  8:17  Factory  
  123  8:19  Barracks Reactor, SCV  
Show
View Real Time Build Order
Export as new Build Order

JimRising Zerg 

Build Orders: Hatch First 

Get SALT Encoding   

  12  0:00  Drone  
  13  0:12  Overlord  
  13  0:17  Drone  
  14  0:30  Drone x2  
  16  0:50  Hatchery  
  16  0:53  Drone  
  16  0:57  Drone  
  16  1:01  Drone  
  18  1:05  Extractor  
  17  1:19  Spawning Pool  
  17  1:21  Drone  
  17  1:24  Drone  
  18  1:28  Drone  
  20  1:40  Drone  
  20  1:49  Overlord  
  20  2:06  Queen  
  20  2:07  Queen  
  20  2:08  Zergling x4  
  26  2:13  Metabolic Boost  
  26  2:21  Drone x2  
  28  2:23  Drone  
  29  2:41  Roach Warren  
  28  2:48  Overlord x2  
  28  3:21  Roach x7  
  28  3:22  Roach  
  28  3:23  Overlord  
  44  3:32  Zergling x4  
  46  3:34  Zergling x4  
  46  3:39  Zergling x2  
  49  3:44  Zergling x4  
  50  3:54  Zergling x4  
  50  3:55  Zergling x6  
  54  3:59  Overlord  
  54  4:03  Zergling x2  
  55  4:23  Zergling x4  
  54  4:25  Zergling x4  
  54  4:28  Zergling x6  
  55  4:32  Zergling x4  
  55  4:38  Drone x3  
  47  4:50  Drone x2  
  45  4:53  Queen  
  44  5:00  Drone  
  44  5:01  Drone  
  44  5:05  Queen  
  44  5:06  Drone  
  49  5:08  Drone  
  50  5:16  Drone x2  
  52  5:23  Spore Crawler  
  52  5:24  Spore Crawler, Drone x3  
  53  5:31  Queen  
  51  5:35  Zergling x2  
  51  5:36  Zergling x4  
  51  5:41  Queen  
  51  5:51  Zergling x8  
  51  5:53  Drone  
  51  5:55  Drone  
  56  6:09  Drone x3  
  56  6:10  Drone  
  58  6:12  Lair  
  58  6:13  Drone x2  
  58  6:14  Drone  
  58  6:16  Drone  
  62  6:21  Drone  
  63  6:30  Drone  
  64  6:42  Hatchery, Drone x2, Baneling Nest  
  64  6:43  Drone  
  64  6:44  Extractor  
  62  6:50  Drone x5  
  67  7:00  Overlord x2  
  67  7:04  Spore Crawler, Extractor  
  67  7:05  Extractor  
  64  7:11  Drone x2  
  64  7:15  Overseer  
  66  7:18  Drone  
  66  7:19  Spire  
  66  7:40  Drone  
  66  7:41  Drone x3  
  66  7:44  Spire  
  66  7:48  Zergling x6  
  68  7:57  Baneling x3  
  65  8:04  Drone  
  65  8:05  Drone x8  
  72  8:06  Drone  
  72  8:09  Spore Crawler  
  72  8:14  Zergling x2  
Tags
 
Add a new tag
Caveats
  • Supply blocks, unpowered buildings, or Contaminate may cause inaccurate times.
  • Supply counts are checked every 10 seconds.